| TOP OF THE 1ST |
|
Lansing Lugnuts batting - Pitching for Clinton LumberKings : RHP Bob Gilliam
|
|
Pitching: RHP Bob Gilliam
|
|
|
Batting: RHB Kennet Strijbis
|
0-0: Ball 1-0: Swinging Strike 1-1: Foul Ball, location: 2F 1-2: Ball 2-2: Foul Ball, location: 2F 2-2: SINGLE (Groundball, 5S, EV 68.8 MPH) (infield hit)
|
|
Batting: LHB Danny Bailey
|
0-0: Called Strike 0-1: Ball 1-1: Ball 2-1: Ball 3-1: Fielders Choice at 2nd, 1-6 (Groundball, 34S, EV 72.5 MPH)
|
|
Batting: RHB Raul de la Cruz
|
0-0: Called Strike Danny Bailey steals 2nd base 0-1: SINGLE (Line Drive, 89S, EV 113.1 MPH) Danny Bailey to third Runner from 3rd tries for Home, SAFE, throw by RF to home
|
|
Batting: LHB Marc Carter
|
Pickoff Throw to First - Out! 1-3 CS 0-0: Ball 1-0: Called Strike 1-1: Foul Ball, location: 2F 1-2: Ball 2-2: Strikes out swinging, 2-3 out at first.
|
| Top of the 1st over - 1 run, 2 hits, 0 errors, 0 left on base; Lansing 1 - Clinton 0 |
| BOTTOM OF THE 1ST |
|
Clinton LumberKings batting - Pitching for Lansing Lugnuts : LHP Jon Sosa
|
|
Pitching: LHP Jon Sosa
|
|
|
Batting: RHB Josh Ruhl
|
0-0: Called Strike 0-1: Called Strike 0-2: Foul Ball, location: 2F 0-2: Foul Ball, location: 2F 0-2: Ball 1-2: Fly out, F8 (Line Drive, 78D, EV 101.2 MPH)
|
|
Batting: RHB David Greene
|
0-0: Ball 1-0: Called Strike 1-1: Fly out, F9 (Line Drive, 9S, EV 99.4 MPH)
|
|
Batting: RHB Heitaro Tanaka
|
0-0: Ball 1-0: Ball 2-0: Ball 3-0: Called Strike 3-1: Called Strike 3-2: Base on Balls
|
|
Batting: LHB Taki Matsui
|
0-0: Called Strike 0-1: Ball 1-1: Called Strike 1-2: Strikes out swinging
|
| Bottom of the 1st over - 0 runs, 0 hits, 0 errors, 1 left on base; Lansing 1 - Clinton 0 |
| TOP OF THE 2ND |
|
Lansing Lugnuts batting - Pitching for Clinton LumberKings : RHP Bob Gilliam
|
|
Batting: RHB Butch Koglin
|
0-0: Ball 1-0: Ball 2-0: Called Strike 2-1: Ball 3-1: Base on Balls
|
|
Batting: RHB Carlos Renteria
|
0-0: Called Strike 0-1: Ball 1-1: Grounds into double play, 4-6-3 (Groundball, 4, EV 104.4 MPH)
|
|
Batting: RHB Javier Garcia
|
0-0: Called Strike 0-1: Fly out, F7 (Flyball, 7LS, EV 82.5 MPH)
|
| Top of the 2nd over - 0 runs, 0 hits, 0 errors, 0 left on base; Lansing 1 - Clinton 0 |
| BOTTOM OF THE 2ND |
|
Clinton LumberKings batting - Pitching for Lansing Lugnuts : LHP Jon Sosa
|
|
Batting: LHB Nick McGraw
|
0-0: Called Strike 0-1: Called Strike 0-2: Strikes out looking
|
|
Batting: LHB Sean Trueblood
|
0-0: Foul Ball, location: 2F 0-1: Ball 1-1: Fly out, F8 (Line Drive, 78M, EV 95.0 MPH)
|
|
Batting: SHB Brendan Bundy
|
0-0: Ball 1-0: Swinging Strike 1-1: Ball 2-1: Called Strike 2-2: Ball 3-2: Strikes out looking
|
| Bottom of the 2nd over - 0 runs, 0 hits, 0 errors, 0 left on base; Lansing 1 - Clinton 0 |
| TOP OF THE 3RD |
|
Lansing Lugnuts batting - Pitching for Clinton LumberKings : RHP Bob Gilliam
|
|
Batting: RHB Elliot Manfredini
|
0-0: Ball 1-0: Called Strike 1-1: Foul Ball, location: 2F 1-2: Foul Ball, location: 2F 1-2: Ball 2-2: Ball 3-2: Fly out, F8 (Flyball, 8RD, EV 85.6 MPH)
|
|
Batting: RHB Ricky Carbajal
|
0-0: Ball 1-0: Ball 2-0: Ball 3-0: Called Strike 3-1: Foul Ball, location: 2F 3-2: Strikes out swinging
|
|
Batting: RHB Kennet Strijbis
|
0-0: Ball 1-0: Foul Ball, location: 2F 1-1: Ball 2-1: Swinging Strike 2-2: Ball 3-2: Foul Ball, location: 2F 3-2: Base on Balls
|
|
Batting: LHB Danny Bailey
|
0-0: Called Strike 0-1: Ball 1-1: Called Strike 1-2: Strikes out swinging
|
| Top of the 3rd over - 0 runs, 0 hits, 0 errors, 1 left on base; Lansing 1 - Clinton 0 |
| BOTTOM OF THE 3RD |
|
Clinton LumberKings batting - Pitching for Lansing Lugnuts : LHP Jon Sosa
|
|
Batting: RHB Tai Joo
|
0-0: SINGLE (Popup, 5D, EV 70.0 MPH)
|
|
Batting: RHB Omar Solis
|
0-0: Ball 1-0: Ball 2-0: Ball 3-0: Called Strike 3-1: Foul Ball, location: 2F 3-2: Foul Ball, location: 2F 3-2: Foul Ball, location: 2F 3-2: Foul Ball, location: 2F 3-2: Fly out, F5 (Line Drive, 56, EV 71.9 MPH)
|
|
Batting: RHB Josh Ruhl
|
0-0: Ball 1-0: Ball 2-0: Ball 3-0: Base on Balls Tai Joo to second
|
|
Batting: RHB David Greene
|
0-0: Called Strike 0-1: Ball 1-1: Foul Ball, location: 2F 1-2: Strikes out swinging
|
|
Batting: RHB Heitaro Tanaka
|
0-0: Called Strike 0-1: Ball 1-1: DOUBLE (Line Drive, 7LM, EV 106.2 MPH) Tai Joo scores Josh Ruhl to third
|
|
Batting: LHB Taki Matsui
|
0-0: Called Strike 0-1: Ball 1-1: DOUBLE (Line Drive, 3D, EV 100.0 MPH) Josh Ruhl scores Heitaro Tanaka scores
|
|
Batting: LHB Nick McGraw
|
0-0: Ball 1-0: Ball 2-0: Swinging Strike 2-1: Ground out 4-3 (Groundball, 34, EV 101.9 MPH)
|
| Bottom of the 3rd over - 3 runs, 3 hits, 0 errors, 1 left on base; Lansing 1 - Clinton 3 |
| TOP OF THE 4TH |
|
Lansing Lugnuts batting - Pitching for Clinton LumberKings : RHP Bob Gilliam
|
|
Batting: RHB Raul de la Cruz
|
0-0: Ball 1-0: Ball 2-0: Foul Ball, location: 2F 2-1: Called Strike 2-2: Ball 3-2: Base on Balls
|
|
Batting: LHB Marc Carter
|
0-0: Foul Ball, location: 2F 0-1: Foul Ball, location: 2F 0-2: Ball 1-2: Ball 2-2: Ball 3-2: Foul Ball, location: 2F 3-2: Base on Balls Raul de la Cruz to second
|
|
Batting: RHB Butch Koglin
|
0-0: Called Strike Raul de la Cruz steals 3rd base (no throw) Marc Carter to second 0-1: Called Strike 0-2: Ball 1-2: Foul Ball, location: 2F 1-2: Ground out 6-3 (Groundball, 6, EV 85.0 MPH) Raul de la Cruz scores Marc Carter to third
|
|
Batting: RHB Carlos Renteria
|
0-0: Ball 1-0: Called Strike 1-1: Ball 2-1: Ball 3-1: Called Strike 3-2: Strikes out swinging
|
|
Batting: RHB Javier Garcia
|
0-0: Ball 1-0: Called Strike 1-1: Ball 2-1: Ball 3-1: Hit by Pitch
|
|
Batting: RHB Elliot Manfredini
|
0-0: Ball 1-0: Ball 2-0: Ball 3-0: Base on Balls Javier Garcia to second
|
|
Batting: RHB Ricky Carbajal
|
0-0: Foul Ball, location: 2F 0-1: Ball 1-1: Ball 2-1: Foul Ball, location: 2F 2-2: Reached on error, E6 (Groundball, 6, EV 103.8 MPH) Marc Carter scores Javier Garcia to third Elliot Manfredini to second
|
|
Batting: RHB Kennet Strijbis
|
0-0: Called Strike 0-1: Ball 1-1: Ground out 4-3 (Groundball, 4, EV 79.4 MPH)
|
| Top of the 4th over - 2 runs, 0 hits, 1 error, 3 left on base; Lansing 3 - Clinton 3 |
| BOTTOM OF THE 4TH |
|
Clinton LumberKings batting - Pitching for Lansing Lugnuts : LHP Jon Sosa
|
|
Batting: LHB Sean Trueblood
|
0-0: Ball 1-0: Fly out, F7 (Flyball, 7D, EV 90.0 MPH)
|
|
Batting: SHB Brendan Bundy
|
0-0: Ball 1-0: Ball 2-0: Called Strike 2-1: Ball 3-1: Called Strike 3-2: Foul Ball, location: 2F 3-2: Foul Ball, location: 2F 3-2: Foul Ball, location: 2F 3-2: Foul Ball, location: 2F 3-2: Foul Ball, location: 2F 3-2: Foul Ball, location: 2F 3-2: Fly out, F9 (Flyball, 9, EV 90.0 MPH)
|
|
Batting: RHB Tai Joo
|
0-0: Swinging Strike 0-1: Ball 1-1: Called Strike 1-2: Foul Ball, location: 2F 1-2: Strikes out swinging
|
| Bottom of the 4th over - 0 runs, 0 hits, 0 errors, 0 left on base; Lansing 3 - Clinton 3 |
| TOP OF THE 5TH |
|
Lansing Lugnuts batting - Pitching for Clinton LumberKings : RHP Bob Gilliam
|
|
Batting: LHB Danny Bailey
|
0-0: Called Strike 0-1: Swinging Strike 0-2: Ball 1-2: Foul Ball, location: 2F 1-2: Strikes out looking
|
|
Batting: RHB Raul de la Cruz
|
0-0: Called Strike 0-1: Called Strike 0-2: Foul Ball, location: 2F 0-2: Ball 1-2: Ball 2-2: Strikes out swinging
|
|
Pitching: RHP Rickey DuMire
|
|
|
Batting: LHB Marc Carter
|
0-0: Called Strike 0-1: Ball 1-1: Ball 2-1: Swinging Strike 2-2: Ground out 6-3 (Groundball, 56, EV 86.9 MPH)
|
| Top of the 5th over - 0 runs, 0 hits, 0 errors, 0 left on base; Lansing 3 - Clinton 3 |
| BOTTOM OF THE 5TH |
|
Clinton LumberKings batting - Pitching for Lansing Lugnuts : LHP Jon Sosa
|
|
Batting: RHB Omar Solis
|
0-0: Ball 1-0: Called Strike 1-1: Ground out 6-3 (Groundball, 6, EV 88.8 MPH)
|
|
Batting: RHB Josh Ruhl
|
0-0: Ground out U3 (Groundball, 34, EV 99.4 MPH)
|
|
Batting: RHB David Greene
|
0-0: Foul Ball, location: 2F 0-1: Swinging Strike 0-2: Ground out 5-3 (Groundball, 56, EV 83.1 MPH)
|
| Bottom of the 5th over - 0 runs, 0 hits, 0 errors, 0 left on base; Lansing 3 - Clinton 3 |
| TOP OF THE 6TH |
|
Lansing Lugnuts batting - Pitching for Clinton LumberKings : RHP Rickey DuMire
|
|
Batting: RHB Butch Koglin
|
0-0: Called Strike 0-1: Foul Ball, location: 2F 0-2: DOUBLE (Line Drive, 78D, EV 112.5 MPH)
|
|
Batting: RHB Carlos Renteria
|
0-0: Foul Ball, location: 2F 0-1: Ball 1-1: Ball 2-1: Ball Wild Pitch! Butch Koglin to third 3-1: Ground out 4-3 (Groundball, 4S, EV 77.5 MPH)
|
|
Batting: RHB Javier Garcia
|
0-0: Foul Ball, location: 2F 0-1: Foul Ball, location: 2F 0-2: SINGLE (Groundball, 56, EV 102.5 MPH) (infield hit) Butch Koglin scores
|
|
Batting: RHB Elliot Manfredini
|
0-0: Ball 1-0: Ball 2-0: Foul Ball, location: 2F 2-1: Fielders Choice at 2nd, 5-4 (Groundball, 56, EV 100.6 MPH)
|
|
Batting: RHB Ricky Carbajal
|
0-0: Swinging Strike 0-1: Ball 1-1: Ball Elliot Manfredini is caught stealing 2nd base 2-4
|
| Top of the 6th over - 1 run, 2 hits, 0 errors, 0 left on base; Lansing 4 - Clinton 3 |
| BOTTOM OF THE 6TH |
|
Clinton LumberKings batting - Pitching for Lansing Lugnuts : LHP Jon Sosa
|
|
Batting: RHB Heitaro Tanaka
|
0-0: Ball 1-0: Swinging Strike 1-1: Called Strike 1-2: Strikes out looking
|
|
Batting: LHB Taki Matsui
|
0-0: Ball 1-0: Ball 2-0: Ball 3-0: Base on Balls
|
|
Batting: LHB Nick McGraw
|
0-0: Ball 1-0: Foul Ball, location: 2F 1-1: Ball 2-1: Foul Ball, location: 2F 2-2: Strikes out looking
|
|
Batting: LHB Sean Trueblood
|
0-0: Reached on error, E3 (Groundball, 34S, EV 80.6 MPH) Taki Matsui to second
|
|
Batting: SHB Brendan Bundy
|
0-0: Called Strike 0-1: Fly out, F7 (Flyball, 7, EV 81.2 MPH)
|
| Bottom of the 6th over - 0 runs, 0 hits, 1 error, 2 left on base; Lansing 4 - Clinton 3 |
| TOP OF THE 7TH |
|
Lansing Lugnuts batting - Pitching for Clinton LumberKings : RHP Rickey DuMire
|
|
Batting: RHB Ricky Carbajal
|
0-0: Swinging Strike 0-1: Foul Ball, location: 2F 0-2: SOLO HOME RUN (Flyball, 7LD, EV 97.5 MPH), Distance : 365 ft
|
|
Batting: RHB Kennet Strijbis
|
0-0: Called Strike 0-1: Foul Ball, location: 2F 0-2: Ball 1-2: Strikes out swinging
|
|
Batting: LHB Danny Bailey
|
0-0: Ball 1-0: Ball 2-0: Ground out 5-3 (Groundball, 56, EV 103.8 MPH)
|
|
Batting: RHB Raul de la Cruz
|
0-0: Foul Ball, location: 2F 0-1: DOUBLE (Line Drive, 89D, EV 88.1 MPH)
|
|
Batting: LHB Marc Carter
|
0-0: Swinging Strike 0-1: Called Strike 0-2: Ball 1-2: Foul Ball, location: 2F 1-2: Ball 2-2: Ball 3-2: Strikes out looking
|
| Top of the 7th over - 1 run, 2 hits, 0 errors, 1 left on base; Lansing 5 - Clinton 3 |
| BOTTOM OF THE 7TH |
|
Clinton LumberKings batting - Pitching for Lansing Lugnuts : LHP Jon Sosa
|
|
Now in CF: Ricky Carbajal
|
|
|
Now in RF: Timo Gomez
|
|
|
Batting: RHB Tai Joo
|
0-0: Called Strike 0-1: Ball 1-1: Ball 2-1: Foul Ball, location: 2F 2-2: Ball 3-2: Strikes out looking
|
|
Batting: RHB Omar Solis
|
0-0: Ball 1-0: Called Strike 1-1: Ball 2-1: Swinging Strike 2-2: Ball 3-2: Base on Balls
|
|
Pitching: LHP Josh Black
|
|
|
Batting: RHB Josh Ruhl
|
0-0: Ball 1-0: Ball 2-0: Fly out, F9 (Line Drive, 9S, EV 103.8 MPH)
|
|
Batting: RHB David Greene
|
0-0: Ball 1-0: Called Strike Omar Solis is caught stealing 2nd base 2-4
|
| Bottom of the 7th over - 0 runs, 0 hits, 0 errors, 0 left on base; Lansing 5 - Clinton 3 |
| TOP OF THE 8TH |
|
Lansing Lugnuts batting - Pitching for Clinton LumberKings : RHP Rickey DuMire
|
|
Pitching: RHP Rich Benoit
|
|
|
Batting: RHB Butch Koglin
|
0-0: Called Strike 0-1: Foul Ball, location: 2F 0-2: Foul Ball, location: 2F 0-2: Strikes out looking
|
|
Batting: RHB Carlos Renteria
|
0-0: Swinging Strike 0-1: Called Strike 0-2: Ball 1-2: Fly out, F8 (Flyball, 89D, EV 85.6 MPH)
|
|
Batting: RHB Javier Garcia
|
0-0: Ball 1-0: Called Strike 1-1: SINGLE (Line Drive, 6M, EV 95.0 MPH)
|
|
Batting: RHB Elliot Manfredini
|
0-0: Ball 1-0: Ball 2-0: Ball 3-0: Base on Balls Javier Garcia to second
|
|
Batting: RHB Ricky Carbajal
|
0-0: Called Strike 0-1: Ground out U3 (Groundball, 23, EV 86.9 MPH)
|
| Top of the 8th over - 0 runs, 1 hit, 0 errors, 2 left on base; Lansing 5 - Clinton 3 |
| BOTTOM OF THE 8TH |
|
Clinton LumberKings batting - Pitching for Lansing Lugnuts : LHP Josh Black
|
|
Batting: RHB David Greene
|
0-0: Foul Ball, location: 2F 0-1: Foul Ball, location: 2F 0-2: Ball 1-2: Strikes out swinging
|
|
Batting: RHB Heitaro Tanaka
|
0-0: Foul Ball, location: 2F 0-1: Ball 1-1: Fly out, F8 (Flyball, 78S, EV 96.9 MPH)
|
|
Batting: LHB Taki Matsui
|
0-0: Ball 1-0: Ball 2-0: Foul Ball, location: 2F 2-1: Ball 3-1: Foul Ball, location: 2F 3-2: Fly out, F9 (Flyball, 89D, EV 76.9 MPH)
|
| Bottom of the 8th over - 0 runs, 0 hits, 0 errors, 0 left on base; Lansing 5 - Clinton 3 |
| TOP OF THE 9TH |
|
Lansing Lugnuts batting - Pitching for Clinton LumberKings : RHP Rich Benoit
|
|
Batting: RHB Kennet Strijbis
|
0-0: Ball 1-0: Foul Ball, location: 2F 1-1: Foul Ball, location: 2F 1-2: Foul Ball, location: 2F 1-2: Ball 2-2: SINGLE (Groundball, 56D, EV 101.2 MPH)
|
|
Batting: LHB Danny Bailey
|
0-0: Called Strike Kennet Strijbis steals 2nd, throwing error, E2 Kennet Strijbis to third 0-1: Ground out U3 (Groundball, 34S, EV 79.4 MPH) Kennet Strijbis scores
|
|
Batting: RHB Raul de la Cruz
|
0-0: Foul Ball, location: 2F 0-1: Ball 1-1: Ball 2-1: Swinging Strike 2-2: Strikes out swinging
|
|
Batting: LHB Timo Gomez
|
0-0: SINGLE (Groundball, 3D, EV 102.5 MPH)
|
|
Batting: RHB Butch Koglin
|
0-0: Ball 1-0: Ball Timo Gomez steals 2nd, throwing error, E2 Timo Gomez to third 2-0: Ball 3-0: Called Strike 3-1: Called Strike 3-2: Fly out, F8 (Flyball, 8LD, EV 91.2 MPH)
|
| Top of the 9th over - 1 run, 2 hits, 2 errors, 1 left on base; Lansing 6 - Clinton 3 |
| BOTTOM OF THE 9TH |
|
Clinton LumberKings batting - Pitching for Lansing Lugnuts : LHP Josh Black
|
|
Pitching: LHP Mike Oakes
|
|
|
Now in CF: Brian Manson
|
|
|
Now in RF: Ricky Carbajal
|
|
|
Batting: LHB Nick McGraw
|
0-0: Ball 1-0: Called Strike 1-1: Ball 2-1: Called Strike 2-2: Strikes out looking
|
|
Pinch Hitting: RHB Nick Edmunds
|
0-0: Called Strike 0-1: Ground out 4-3 (Groundball, 4S, EV 93.8 MPH)
|
|
Batting: SHB Brendan Bundy
|
0-0: Ball 1-0: Foul Ball, location: 2F 1-1: Ball 2-1: Fly out, F7 (Flyball, 7, EV 93.8 MPH)
|
| Bottom of the 9th over - 0 runs, 0 hits, 0 errors, 0 left on base; Lansing 6 - Clinton 3 |
|